Map: Rosebud LE

Players

SpicyScrotum - Winner!

  • Race: Zerg Zerg
  • Spawn Location: 11:00

superÉtron - Winner!

  • Race: Zerg Zerg
  • Spawn Location: 11:00

BigProstat - Winner!

  • Race: Protoss Protoss
  • League: Diamond
  • Spawn Location: 11:00

qqq

  • Race: Zerg Zerg
  • League: Platinum
  • Spawn Location: 5:00

Massa

  • Race: Terran Terran
  • League: Gold
  • Spawn Location: 5:00

sexyAPM

  • Race: Protoss Protoss
  • Spawn Location: 5:00

VOD

Have the link to the VOD?

Description

Time

  • Played on: April 26, 2020, 3:29 p.m.
  • Length: 19:32
Show
View Real Time Build Order
Export as new Build Order

SpicyScrotum Zerg - Winner!

Build Orders: Hatch First 

Get SALT Encoding   

  12  0:03  Drone  
  13  0:16  Overlord  
  13  0:18  Drone  
  14  0:35  Drone x2  
  16  0:38  Drone  
  17  0:57  Hatchery  
  17  1:00  Drone  
  17  1:04  Extractor  
  16  1:05  Drone  
  17  1:20  Spawning Pool  
  17  1:24  Drone  
  17  1:31  Overlord  
  17  1:38  Drone  
  18  1:42  Drone  
  19  2:08  Zergling x4  
  21  2:10  Zergling x2  
  21  2:14  Metabolic Boost  
  22  2:16  Queen  
  22  2:20  Queen  
  26  2:24  Drone  
  26  2:28  Drone  
  28  2:38  Drone x3  
  31  2:48  Spine Crawler  
  31  2:49  Drone  
  31  2:52  Drone  
  32  2:58  Baneling Nest  
  31  3:09  Drone x4  
  35  3:19  Drone  
  36  3:24  Overlord  
  36  3:39  Overlord  
  36  3:49  Baneling x5  
  36  3:50  Zergling x6  
  36  3:51  Zergling x4  
  41  3:59  Zergling x10  
  45  4:31  Zergling x4  
  45  4:32  Zergling x6  
  49  4:41  Lair  
  49  4:57  Drone  
  49  4:58  Drone  
  51  5:00  Overlord  
  51  5:01  Overlord x2  
  51  5:09  Extractor  
  51  5:10  Overlord  
  51  5:11  Overlord x3  
  50  5:17  Baneling x7  
  50  5:22  Zergling x2  
  50  5:23  Zergling x8  
  52  5:50  Drone  
  52  5:51  Drone x8  
  56  6:12  Centrifical Hooks  
  56  6:17  Evolution Chamber  
  53  6:18  Evolution Chamber  
  46  6:32  Zergling x2  
  42  6:33  Zergling x12  
  48  6:43  Zergling x2  
  48  6:44  Zergling x6  
  52  7:07  Hydralisk Den, Drone  
  53  7:08  Drone  
  53  7:10  Drone  
  53  7:11  Drone  
  53  7:15  Zerg Melee Weapons Level 1  
  53  7:39  Grooved Spines  
  53  7:45  Extractor  
  53  7:46  Hatchery  
  53  7:47  Extractor  
  42  8:29  Zergling x24  
  53  8:38  Zerg Ground Armor Level 1  
  53  8:50  Muscular Augments, Drone  
  53  8:51  Drone x3  
  53  8:52  Hydralisk  
  53  8:55  Baneling x3  
  59  8:56  Hydralisk  
  59  8:58  Hydralisk  
  63  9:03  Hydralisk  
  65  9:15  Drone  
  65  9:16  Drone x6  
  72  9:22  Drone x3  
  75  9:31  Hydralisk x3  
  75  9:35  Hydralisk x3  
  87  9:41  Hydralisk  
  87  9:42  Hydralisk x3  
  95  9:48  Hydralisk  
  95  9:52  Spore Crawler  
  96  9:53  Spore Crawler  
  96  9:55  Spore Crawler  
  96  9:56  Hydralisk x2  
  96  9:57  Spore Crawler  
  97  10:05  Hydralisk  
  97  10:06  Hydralisk  
  79  10:21  Hydralisk x2  
  54  10:22  Hydralisk  
  54  10:27  Hydralisk x2  
  49  10:44  Drone, Hydralisk x3  
  34  10:58  Spore Crawler  
  34  10:59  Spore Crawler  
  34  11:00  Spore Crawler  
  34  11:01  Spore Crawler  
  24  11:04  Hydralisk  
  24  11:05  Hydralisk x2  
  22  11:19  Zergling x2  
  22  11:21  Zergling x4  
  22  11:25  Zergling x2  
  15  12:02  Drone x3  
  15  12:04  Hatchery  
  15  12:06  Drone  
  15  12:08  Zerg Melee Weapons Level 2  
  18  12:12  Hatchery  
  17  12:40  Drone x3  
  20  12:59  Drone  
  20  13:01  Drone  
  22  13:14  Baneling  
  22  13:15  Baneling  
  22  13:20  Baneling  
  22  13:22  Baneling x5  
  22  13:24  Drone x4  
  22  13:26  Drone  
  27  13:29  Queen  
  29  13:40  Drone x3  
  32  13:44  Drone  
  32  13:47  Drone  
  34  13:54  Overlord  
  34  14:04  Queen  
  34  14:06  Queen  
  34  14:23  Drone  
  34  14:24  Drone x8  
  41  14:56  Spine Crawler x2  
  41  14:57  Spine Crawler  
  38  15:04  Spine Crawler  
  37  15:11  Zergling x10  
  42  15:27  Spine Crawler  
  41  15:42  Spine Crawler  
  40  15:45  Spine Crawler, Drone x3  
  40  15:46  Spine Crawler  
  40  15:47  Overlord x7  
  40  15:48  Overlord x3  
  41  15:57  Drone  
  42  16:04  Hydralisk x3  
  48  16:11  Spine Crawler  
  45  16:27  Spore Crawler  
  45  16:28  Spine Crawler, Spore Crawler  
  45  16:29  Spore Crawler  
  45  16:30  Spore Crawler  
  45  16:31  Hydralisk  
  40  16:33  Hydralisk  
  39  16:59  Hydralisk  
  39  17:00  Hydralisk x4  
  24  19:07  Hatchery  
Show
View Real Time Build Order
Export as new Build Order

superÉtron Zerg - Winner!

Build Orders: Hatch First, Muta Ling Bane 

Get SALT Encoding   

  12  0:01  Drone  
  13  0:12  Overlord  
  13  0:18  Drone  
  14  0:31  Drone x2  
  16  0:36  Drone  
  17  0:58  Drone  
  17  1:01  Drone  
  17  1:02  Hatchery  
  18  1:06  Extractor  
  17  1:19  Spawning Pool  
  17  1:20  Drone  
  17  1:27  Overlord  
  17  1:52  Drone  
  18  1:55  Drone  
  19  2:05  Queen  
  21  2:13  Queen  
  23  2:21  Drone  
  24  2:26  Metabolic Boost  
  24  2:34  Overlord  
  24  2:38  Baneling Nest  
  23  3:02  Lair  
  23  3:05  Extractor  
  22  3:09  Drone x3  
  25  3:23  Drone  
  25  3:24  Zergling x4  
  25  3:25  Spine Crawler  
  27  3:37  Drone  
  27  3:40  Zergling x6  
  28  3:52  Zergling x8  
  29  4:18  Baneling x2  
  29  4:19  Baneling x2  
  29  4:21  Zergling x4  
  31  4:32  Overlord x2  
  31  4:34  Drone x2  
  31  4:35  Drone  
  34  4:49  Hatchery  
  33  4:54  Centrifical Hooks  
  33  4:55  Extractor  
  32  5:02  Zergling x10  
  32  5:03  Zergling x2  
  28  5:39  Zergling x4  
  28  5:40  Zergling x6  
  30  5:52  Zergling x2  
  31  6:04  Queen  
  31  6:09  Drone x3  
  36  6:25  Spine Crawler  
  34  6:26  Spine Crawler  
  29  6:44  Zergling x2  
  29  6:45  Zergling x16  
  37  7:00  Drone x2  
  39  7:10  Zergling x4  
  41  7:18  Zergling x4  
  33  8:04  Spire  
  31  8:07  Drone x2  
  31  8:09  Drone  
  33  8:13  Drone  
  33  8:17  Drone  
  33  8:18  Drone x5, Extractor  
  38  8:45  Drone x2  
  38  8:46  Drone x2, Overlord  
  38  8:47  Overlord x3  
  42  9:04  Hatchery  
  42  9:06  Drone x5  
  42  9:07  Drone  
  42  9:09  Extractor  
  46  9:16  Mutalisk x3  
  46  9:17  Mutalisk  
  54  9:40  Drone x6, Extractor  
  59  9:50  Corruptor x4  
  59  9:51  Corruptor  
  69  9:58  Corruptor  
  71  10:09  Corruptor, Overlord x3  
  73  10:21  Corruptor x5  
  83  10:36  Corruptor  
  83  10:37  Corruptor x3  
  75  10:47  Corruptor x2  
  79  10:52  Corruptor  
  81  10:58  Corruptor  
  79  11:09  Corruptor x3  
  79  11:31  Corruptor x4  
  87  11:39  Queen  
  79  12:18  Corruptor x5  
  89  12:28  Drone x3  
  89  12:29  Drone  
  93  12:50  Corruptor x4  
  101  12:52  Overlord  
  101  12:53  Overlord x3  
  101  13:30  Corruptor  
  103  13:35  Overlord x3  
  103  13:36  Overlord x3  
  103  13:38  Zergling x10  
  103  13:40  Corruptor x2  
  111  14:15  Corruptor  
  111  14:16  Corruptor x5  
  100  14:52  Corruptor x4  
  60  16:12  Hatchery  
  59  17:19  Hatchery  
  58  17:55  Drone x2  
  58  17:56  Drone  
  61  18:31  Drone x3  
  64  18:42  Extractor x2  
  62  18:50  Drone x2  
  62  18:54  Spawning Pool  
Show
View Real Time Build Order
Export as new Build Order

BigProstat Protoss - Winner!

Build Orders:  

Get SALT Encoding   

  12  0:01  Probe  
  13  0:13  Probe  
  14  0:18  Pylon  
  14  0:25  Probe  
  15  0:37  Probe  
  15  0:40  Gateway  
  16  0:49  Probe (Chrono Boost)  
  17  0:59  Assimilator  
  17  1:00  Probe (Chrono Boost)  
  18  1:05  Probe (Chrono Boost)  
  18  1:09  Pylon  
  19  1:20  Probe  
  20  1:31  Cybernetics Core  
  20  1:32  Probe  
  21  1:44  Probe  
  22  1:56  Probe  
  22  1:58  Nexus  
  23  2:08  Probe  
  23  2:20  Probe, Assimilator  
  24  2:22  Warp Gate (Chrono Boost)  
  24  2:31  Stalker  
  24  2:32  Probe  
  24  2:33  Pylon  
  27  2:38  Gateway  
  27  2:46  Gateway  
  27  2:51  Probe  
  28  3:03  Probe  
  29  3:06  Stalker  
  31  3:17  Gateway  
  31  3:24  Probe  
  32  3:27  Stalker  
  32  3:32  Pylon  
  34  3:35  Probe  
  34  3:36  Probe  
  35  3:47  Probe  
  36  3:54  Zealot x2  
  36  4:11  Stalker  
  36  4:13  Probe x2  
  40  4:25  Probe  
  40  4:29  Probe  
  42  4:36  Pylon  
  42  4:37  Probe  
  43  4:39  Stalker x3  
  43  4:41  Robotics Facility, Probe  
  50  4:49  Probe (Chrono Boost)  
  51  4:53  Probe (Chrono Boost)  
  51  4:59  Assimilator  
  52  5:01  Assimilator  
  52  5:02  Probe (Chrono Boost)  
  52  5:06  Probe (Chrono Boost)  
  54  5:07  Twilight Council  
  54  5:12  Probe (Chrono Boost)  
  54  5:13  Probe (Chrono Boost)  
  56  5:16  Probe (Chrono Boost)  
  57  5:34  Probe x2  
  59  5:46  Probe x2  
  59  5:47  Stalker x3  
  59  5:48  Stalker  
  69  5:51  Blink (Chrono Boost)  
  69  5:55  Pylon  
  69  5:58  Dark Shrine  
  69  6:16  Pylon  
  69  6:18  Pylon  
  69  6:20  Pylon  
  69  6:24  Pylon  
  67  6:35  Forge  
  67  6:38  Pylon, Stalker x4  
  75  6:45  Probe x2  
  77  6:57  Probe x2  
  71  7:03  Stalker x4  
  79  7:09  Probe x2  
  79  7:10  Gateway  
  79  7:12  Gateway  
  79  7:13  Nexus  
  81  7:21  Probe  
  82  7:32  Pylon  
  82  7:37  Pylon, Probe x2  
  84  7:39  Assimilator  
  84  7:43  Assimilator  
  56  7:53  Photon Cannon  
  56  7:54  Photon Cannon  
  56  7:58  Dark Templar x4  
  64  8:10  Probe x2  
  66  8:17  Dark Templar, Photon Cannon  
  66  8:18  Dark Templar  
  70  8:23  Probe (Chrono Boost)  
  71  8:30  Probe (Chrono Boost), Photon Cannon  
  72  8:38  Photon Cannon  
  72  8:40  Probe x3 (Chrono Boost)  
  75  8:45  Probe (Chrono Boost)  
  75  8:48  Probe  
  71  8:49  Protoss Ground Weapons Level 1 (Chrono Boost)  
  71  8:52  Immortal (Chrono Boost)  
  75  9:03  Robotics Bay  
  75  9:04  Probe  
  75  9:05  Gateway x2  
  74  9:15  Dark Templar x3  
  74  9:16  Probe  
  81  9:20  Probe x2  
  77  9:45  Stalker x3  
  81  9:49  Charge (Chrono Boost), Stalker x3  
  89  9:56  Photon Cannon  
  89  9:57  Gateway  
  87  10:15  Stalker x3  
  87  10:16  Stalker x5  
  87  10:44  Stalker x5  
  87  10:45  Stalker x3  
  103  10:53  Stalker  
  99  11:08  Dark Templar  
  99  11:09  Dark Templar x5  
  109  11:19  Archon x3  
  107  11:30  Stalker x3  
  113  11:35  Immortal  
  115  12:03  Gateway  
  115  12:05  Gateway, Stalker x5  
  115  12:06  Stalker x2  
  129  12:13  Immortal (Chrono Boost)  
  133  12:17  Nexus  
  133  12:18  Pylon  
  133  12:21  Pylon  
  131  12:25  Protoss Ground Weapons Level 2 (Chrono Boost)  
  131  12:43  Immortal  
  131  12:50  Stalker x5  
  131  12:51  Pylon, Stalker x2  
  149  12:55  Dark Templar  
  149  12:57  Dark Templar  
  149  13:28  Stalker  
  149  13:29  Stalker x5  
  149  13:30  Stalker x3  
  137  14:32  Pylon  
  127  14:47  Nexus  
  127  14:48  Pylon  
  127  14:51  Pylon  
  127  15:02  Pylon  
  127  15:03  Pylon  
  112  15:25  Pylon  
  112  15:26  Pylon  
  111  15:49  Pylon  
  109  16:23  Probe (Chrono Boost)  
  111  16:33  Probe (Chrono Boost)  
  111  16:38  Probe (Chrono Boost)  
  111  16:53  Forge  
  63  18:51  Photon Cannon  
  63  18:54  Gateway  
  63  19:16  Probe  
  62  19:21  Nexus  
  62  19:22  Pylon  
  56  19:26  Pylon  
Show
View Real Time Build Order
Export as new Build Order

qqq Zerg 

Build Orders: Hatch First 

Get SALT Encoding   

  12  0:02  Drone  
  13  0:09  Drone  
  14  0:40  Hatchery  
  13  0:53  Spawning Pool  
  12  0:57  Drone  
  12  1:01  Extractor  
  12  1:09  Overlord  
  12  1:16  Drone  
  13  1:19  Drone  
  14  1:44  Overlord, Zergling x4  
  16  1:56  Drone  
  16  2:01  Queen  
  17  2:07  Drone  
  20  2:08  Zergling x2  
  21  2:17  Metabolic Boost  
  21  2:22  Zergling x2  
  22  2:26  Zergling x2  
  22  2:29  Zergling x2  
  24  2:33  Zergling x2  
  25  2:39  Zergling x2  
  25  2:44  Zergling x2  
  27  2:46  Zergling x2  
  27  2:47  Zergling x2  
  29  3:00  Zergling x4  
  29  3:01  Overlord  
  31  3:14  Zergling x2  
  31  3:15  Zergling x2  
  33  3:26  Zergling x2  
  33  3:27  Zergling x6  
  36  3:28  Zergling x2  
  38  3:48  Zergling x4  
  39  3:49  Zergling x4  
  37  4:36  Drone x3, Roach Warren  
  39  4:39  Drone x2, Overlord  
  39  4:40  Drone x2  
  43  4:46  Extractor  
  42  5:08  Zergling x8  
  42  5:09  Drone x3  
  47  5:35  Zergling x6  
  38  5:39  Zergling x4  
  36  5:45  Roach  
  36  5:47  Roach  
  39  5:52  Queen  
  39  5:54  Roach  
  39  5:56  Lair  
  43  5:59  Overlord  
  37  6:32  Roach x2  
  40  6:33  Roach x2  
  42  6:43  Roach x3  
  48  6:52  Ravager x3  
  51  6:55  Ravager  
  51  6:59  Overlord x2  
  52  7:24  Roach x2  
  52  7:25  Drone x3  
  52  7:28  Ravager x2  
  61  7:35  Drone x3  
  64  7:37  Extractor  
  63  7:54  Tunneling Claws  
  63  7:59  Roach x2  
  63  8:01  Overlord x4  
  67  8:17  Overlord  
  67  8:32  Overseer  
  63  8:39  Pneumatized Carapace  
  60  8:53  Drone x3  
  60  8:54  Roach, Drone x3  
  60  8:55  Roach x3  
  74  9:02  Evolution Chamber  
  70  9:17  Spore Crawler  
  70  9:18  Spine Crawler  
  68  9:26  Spine Crawler  
  68  9:28  Roach x3, Drone  
  68  9:29  Drone x2  
  76  9:32  Extractor  
  75  10:04  Ravager x5  
  80  10:22  Roach x6  
  80  10:24  Roach x3  
  80  10:25  Drone x2  
  92  10:45  Hatchery  
  91  10:50  Hatchery  
  90  11:00  Spine Crawler, Spore Crawler  
  88  11:21  Overseer  
  88  11:23  Zerg Ground Armor Level 1  
  88  11:52  Drone  
  88  11:53  Roach x2  
  93  11:56  Drone x2  
  93  11:57  Drone  
  96  12:24  Roach x2  
  96  12:26  Ravager  
  96  12:27  Ravager x3  
  104  12:34  Drone x3  
  104  12:35  Drone x3  
  110  12:51  Roach  
  110  12:53  Overlord x6  
  110  12:54  Overlord x2  
  112  13:17  Overseer  
  112  13:25  Drone x6  
  118  13:35  Drone x4  
  118  13:36  Drone  
  118  13:37  Drone  
  124  14:00  Hatchery  
  120  14:11  Roach x6  
  120  14:12  Roach x5  
  120  14:15  Zergling x6  
  120  14:16  Zergling x6  
  148  14:33  Roach x2  
  152  14:39  Drone x2  
  152  14:40  Drone x2  
  156  14:46  Ravager x4  
  156  14:47  Ravager x6  
  156  14:49  Roach x2  
  166  15:04  Drone x2  
  147  15:30  Overlord  
  147  15:31  Overlord x3  
  147  15:32  Overlord x5  
  124  16:24  Hatchery  
  123  16:30  Overlord x3  
  122  16:34  Hatchery  
  112  16:53  Hatchery  
  111  17:04  Overlord x3  
  110  17:19  Hatchery  
  101  17:44  Drone  
  102  17:52  Overlord  
Show
View Real Time Build Order
Export as new Build Order

Massa Terran 

Build Orders:  

Get SALT Encoding   

  12  0:15  SCV  
  12  0:17  Supply Depot  
  13  0:27  SCV  
  14  0:41  Barracks  
  14  0:42  SCV  
  15  0:56  Supply Depot  
  15  0:58  SCV  
  16  1:10  SCV  
  17  1:15  Barracks  
  17  1:22  SCV  
  18  1:28  Supply Depot  
  18  1:29  Marine  
  19  1:34  SCV  
  20  1:46  SCV  
  21  1:49  Barracks  
  21  2:08  Marine  
  21  2:11  Barracks  
  22  2:18  Orbital Command, Refinery  
  22  2:23  Marine  
  22  2:26  Marine  
  24  2:41  Marine  
  25  2:45  Marine  
  25  2:46  Marine  
  27  2:59  Marine x2  
  27  3:03  Marine x2  
  27  3:05  Supply Depot  
  31  3:17  Marine x2  
  33  3:21  Marine x2  
  35  3:35  Marine x2  
  35  3:39  Marine x2  
  35  3:40  Supply Depot  
  39  3:52  Marine  
  39  3:53  Marine  
  41  3:57  Marine x2  
  38  4:10  Marine  
  38  4:11  Marine  
  34  4:28  Marine x3  
  34  4:30  Barracks Tech Lab  
  37  4:46  Marine x3  
  37  4:49  Marine  
  37  4:51  Command Center  
  41  5:03  Marine x2  
  41  5:04  Marine  
  44  5:08  Factory  
  40  5:40  Marauder, Marine x3  
  35  5:58  Marine x3  
  35  5:59  Factory Tech Lab  
  35  6:01  Marine  
  35  6:02  Refinery  
  39  6:04  SCV  
  39  6:07  Barracks, SCV  
  31  6:16  Marine x3, SCV  
  34  6:19  Marauder, SCV  
  33  6:28  SCV  
  33  6:31  SCV  
  34  6:34  Marine x2  
  34  6:37  Barracks  
  34  6:39  Marine  
  35  6:41  Marauder  
  35  6:51  Marine x2  
  33  6:56  Marine  
  34  7:02  Marauder  
  34  7:06  Siege Tank  
  39  7:09  Marine x2  
  39  7:14  Marine  
  42  7:24  Marauder  
  44  7:35  Command Center  
  44  7:46  Siege Tank  
  44  7:47  Marauder, Marine  
  50  8:05  Marine  
  48  8:09  Marauder  
  44  8:30  Marauder  
  46  9:05  Marine x2  
  46  9:06  Marauder, Marine  
  51  9:27  Marauder  
  54  9:38  SCV  
  54  9:50  SCV  
  55  10:02  SCV  
  56  10:14  SCV  
  57  10:22  Siege Tank  
  57  10:27  SCV x2  
  62  10:34  Engineering Bay  
  62  10:44  Engineering Bay  
  62  10:49  Refinery  
  62  10:59  SCV  
  62  11:00  Marine  
  62  11:01  SCV  
  58  11:11  SCV  
  58  11:13  SCV  
  58  11:18  Marine  
  44  11:23  SCV  
  44  11:25  Missile Turret, SCV  
  47  11:27  Missile Turret  
  47  11:32  Marauder, Marine x2  
  49  11:35  Siege Tank  
  49  11:36  Marine  
  49  11:37  SCV  
  44  11:50  Marine x2  
  44  11:54  Marauder, Marine  
  49  11:59  Supply Depot  
  49  12:07  Marine  
  49  12:08  Marine  
  51  12:11  Marine  
  51  12:14  Marine  
  53  12:25  Marine  
  53  12:26  Marine  
  53  12:29  Marine  
  56  12:33  Marauder  
  58  12:39  Combat Shield  
  58  12:42  Terran Infantry Weapons Level 1  
  58  12:43  Marine x2  
  60  12:46  Terran Infantry Armor Level 1  
  60  12:50  Command Center  
  60  12:54  Marauder  
  62  13:07  Refinery  
  62  13:17  Supply Depot  
  62  13:26  Command Center  
  62  13:27  Siege Tank  
  65  13:40  Supply Depot  
  65  13:42  Marauder, Marine x2  
  65  13:43  Marine  
  70  14:03  Marauder  
  58  14:12  Marine x3  
  58  14:25  Marauder  
  58  14:28  Bunker  
  58  14:30  Marine x2  
  25  15:00  SCV  
  25  15:03  SCV  
  25  15:09  Barracks  
  25  15:12  SCV  
  26  15:15  SCV  
  26  15:17  Marine x2  
  32  15:24  SCV  
  32  15:28  SCV  
  34  15:34  Marine  
  36  15:36  SCV  
  32  15:48  SCV  
  29  15:50  Planetary Fortress  
  29  15:55  Barracks  
  27  15:57  Barracks  
  24  16:30  Marine  
  25  16:35  Bunker  
  25  16:44  Barracks  
  25  16:45  Barracks  
  25  16:46  Marine x2  
  27  16:48  Marine  
  28  16:58  Factory  
  28  17:00  Engineering Bay  
  28  17:04  Marine  
  28  17:05  Bunker  
  28  17:15  Marine x2  
  30  17:22  Marine  
  29  17:32  Marine  
  29  17:33  Marine  
  29  17:36  Command Center  
  28  17:39  Marine  
  18  19:28  Command Center  
  18  19:29  Barracks  
  18  19:32  Barracks  
Show
View Real Time Build Order
Export as new Build Order

sexyAPM Protoss 

Build Orders: Nexus First 

Get SALT Encoding   

  12  0:01  Probe  
  13  0:13  Probe  
  14  0:25  Probe  
  14  0:27  Pylon  
  15  0:45  Probe  
  16  0:59  Nexus  
  16  1:12  Gateway  
  16  1:20  Probe (Chrono Boost)  
  17  1:32  Probe (Chrono Boost)  
  18  1:35  Assimilator  
  18  1:41  Probe (Chrono Boost)  
  18  1:42  Assimilator  
  18  1:46  Probe  
  20  1:58  Probe (Chrono Boost)  
  21  2:06  Cybernetics Core  
  21  2:11  Probe (Chrono Boost)  
  21  2:15  Probe (Chrono Boost)  
  23  2:20  Probe (Chrono Boost)  
  25  2:23  Probe (Chrono Boost)  
  25  2:27  Probe (Chrono Boost)  
  25  2:28  Probe (Chrono Boost)  
  27  2:37  Probe (Chrono Boost)  
  27  2:43  Probe (Chrono Boost)  
  29  2:48  Pylon, Probe (Chrono Boost)  
  31  2:53  Probe x2 (Chrono Boost)  
  31  2:54  Pylon  
  32  3:03  Probe x2  
  34  3:11  Assimilator  
  34  3:14  Assimilator  
  34  3:15  Probe (Chrono Boost)  
  36  3:20  Probe (Chrono Boost)  
  36  3:26  Probe (Chrono Boost)  
  37  3:30  Probe x2 (Chrono Boost)  
  39  3:40  Nexus  
  41  3:41  Probe (Chrono Boost)  
  41  3:45  Probe (Chrono Boost)  
  41  3:50  Probe (Chrono Boost)  
  41  3:53  Probe (Chrono Boost)  
  41  3:55  Probe  
  44  4:04  Probe  
  44  4:07  Probe  
  46  4:10  Stargate x2  
  46  4:12  Stargate  
  46  4:16  Stargate  
  46  4:27  Probe x2  
  48  4:39  Probe x2  
  48  4:44  Pylon  
  48  4:45  Pylon  
  50  4:47  Pylon x2  
  50  4:48  Pylon, Protoss Air Weapons Level 1  
  52  4:54  Probe x2 (Chrono Boost), Assimilator  
  52  4:55  Probe (Chrono Boost)  
  52  4:58  Assimilator  
  53  5:04  Probe (Chrono Boost)  
  53  5:06  Probe (Chrono Boost)  
  53  5:07  Probe (Chrono Boost)  
  56  5:09  Probe (Chrono Boost)  
  57  5:15  Void Ray, Probe x2  
  57  5:16  Void Ray  
  57  5:18  Void Ray  
  57  5:21  Probe  
  72  5:24  Void Ray (Chrono Boost)  
  76  5:33  Probe  
  77  5:45  Probe  
  78  5:55  Void Ray (Chrono Boost)  
  78  5:56  Void Ray (Chrono Boost)  
  78  5:57  Probe  
  91  6:04  Void Ray (Chrono Boost)  
  91  6:08  Void Ray (Chrono Boost)  
  91  6:09  Probe  
  96  6:21  Probe  
  97  6:56  Protoss Air Armor Level 1  
  93  7:04  Void Ray x4  
  109  7:13  Fleet Beacon  
  85  7:44  Nexus  
  85  7:47  Void Ray x3  
  93  8:10  Probe  
  93  8:12  Probe  
  95  8:17  Void Ray  
  99  8:22  Probe  
  99  8:24  Probe  
  100  8:30  Void Ray x3  
  107  8:34  Probe  
  107  8:36  Probe  
  104  8:46  Probe  
  98  8:48  Probe  
  93  8:58  Probe  
  93  8:59  Void Ray  
  93  9:01  Probe  
  93  9:10  Flux Vanes  
  93  9:12  Void Ray  
  95  9:38  Void Ray  
  95  9:39  Void Ray  
  95  9:40  Probe  
  95  9:43  Probe  
  105  9:52  Probe  
  106  9:55  Probe  
  107  10:04  Probe  
  108  10:07  Probe  
  105  10:16  Probe  
  105  10:19  Probe  
  101  10:37  Probe  
  101  10:39  Probe  
  48  11:56  Probe  
  49  12:08  Probe  
  46  12:21  Probe  
  47  12:31  Pylon  
  47  12:33  Probe x2  
  49  12:39  Probe  
  49  12:42  Assimilator  
  50  12:45  Probe x2  
  50  12:48  Assimilator  
  50  12:50  Void Ray x2 (Chrono Boost)  
  50  12:51  Probe  
  53  12:52  Fleet Beacon  
  53  12:57  Probe x2  
  63  13:03  Probe  
  64  13:09  Probe x2  
  66  13:15  Probe  
  59  13:21  Probe x2  
  59  13:26  Void Ray x2  
  69  13:27  Probe  
  69  13:33  Probe x2  
  72  13:39  Probe  
  29  16:24  Nexus  
  5  17:04  Pylon  
  5  17:46  Probe  
  6  17:58  Probe  
  7  18:10  Probe  
  8  18:22  Probe  
  9  18:28  Nexus  
  9  18:34  Probe (Chrono Boost)  
  10  18:46  Probe (Chrono Boost)  
  10  18:47  Pylon  
  11  18:51  Probe (Chrono Boost)  
  12  19:01  Probe  
  13  19:13  Probe  
Tags
 
Add a new tag
Caveats
  • Supply blocks, unpowered buildings, or Contaminate may cause inaccurate times.
  • Supply counts are checked every 10 seconds.